 Dungeon Crawl Stone Soup version 0.25-a0-285-gcba6f664f8 (webtiles) character file.

Game seed: 13102188837332392405, levelgen mode: deterministic

73 floatRand the Ruffian (level 4, 36/36 HPs)
             Began as a Ghoul Warper on Dec 11, 2019.
             Quit the game on level 2 of the Dungeon.
             The game lasted 00:02:40 (2337 turns).

floatRand the Ruffian (Ghoul Warper)                Turns: 2337, Time: 00:02:41

Health: 36/36      AC:  6    Str: 14    XL:     4   Next: 27%
Magic:  5/5        EV: 11    Int:  8    God:
Gold:   77         SH:  0    Dex:  9    Spells: 6/6 levels left

rFire    . . .     SeeInvis .     - Unarmed
rCold    + . .     Gourm    .   (no shield)
rNeg     + + +     Faith    .   e - +0 acid dragon scales
rPois    ∞         Spirit   .   (no helmet)
rElec    .         Reflect  .   k - scarf {cloud immunity}
rCorr    +         Harm     .   (no gloves)
MR       .....                  (no boots)
Stlth    +.........             (no amulet)
HPRegen  0.12/turn              (no ring)
MPRegen  0.09/turn              (no ring)

@: rotting
A: rotting body, claws 1, carnivore, cold resistance 1, negative energy
resistance 3, inhibited regeneration, torment resistance, unbreathing
a: no special abilities


You were on level 2 of the Dungeon.
You were hungry.

You visited 1 branch of the dungeon, and saw 2 of its levels.

You collected 77 gold pieces.

Inventory:

Missiles
 d - 5 boomerangs of dispersal (quivered)
Armour
 a - a +0 leather armour
 e - +0 acid dragon scales (worn)
 k - a scarf of cloud immunity (worn)
Jewellery
 j - a +3 ring of dexterity
Scrolls
 c - a scroll of blinking
 h - a scroll of random uselessness {unknown}
 i - 2 scrolls of fear {unknown}
 l - a scroll of identify {unknown}
 m - a scroll of teleportation {unknown}
Potions
 b - a potion of flight {unknown}
Comestibles
 f - 5 rations


   Skills:
 - Level 2.1 Fighting
 - Level 0.8 Throwing
 - Level 0.8 Armour
 - Level 1.7 Dodging
 + Level 4.9 Unarmed Combat
 - Level 1.7 Spellcasting
   Level 2.6 Translocations


You had 6 spell levels left.
You didn't know any spells.
Your spell library contained the following spells:

 Spells                   Type           Power        Failure   Level  Hunger
 Blink                    Tloc           N/A          26%         2    ###....
 Shroud of Golubria       Chrm/Tloc      #.....       41%         2    ###....
 Gell's Gravitas          Tloc           #.........   45%         3    ####...
 Lesser Beckoning         Tloc           #.........   45%         3    ####...
 Teleport Other           Tloc           #.......     45%         3    ####...
 Passage of Golubria      Tloc           N/A          86%         4    #####..


Dungeon Overview and Level Annotations

Branches:
Dungeon (2/15)

Altars:
Uskayaw
Xom
Zin


Innate Abilities, Weirdness & Mutations

Your body is rotting away.
You thrive on raw meat.
You are immune to poison.
You have sharp fingernails.
You are carnivorous and can eat meat at any time.
Your flesh is cold resistant. (rC+)
You are immune to negative energy. (rN+++)
You do not regenerate when monsters are visible.
You are immune to unholy pain and torment.
You can survive without breathing.


Message History

No target in view!
Unknown command.
You see here a +0 dagger.
There isn't anything here!
You start resting.
There is a hide-covered altar of Uskayaw here.
Are you sure you want to abandon this character and quit the game? (Confirm with "yes".)
Okay, then.
HP restored.
All of the chunks of flesh in your inventory have rotted away.
You are feeling hungry.
Done exploring.
Done exploring.
Done exploring.
Done exploring.
There is an escape hatch in the ceiling here.
There is an escape hatch in the ceiling here.
Quiver which item? (- for none, * to show all) (? for menu, Esc to quit)
Okay, then.
Are you sure you want to abandon this character and quit the game? (Confirm with "yes".)

.# #.#.###.#.###)# .#
#.#.....#...#.# .#
#.#...#...#...# .#
#.#.#.#.#.#####
.####.#.#.#...(.#
......#.#.#.#.#.#
.######.#.#.#.#.#
..........#.#.#.#######
..#####÷###.#.#.@.....#
........# #.#.######.##
........###.......##.#
..............###.##.#
......###########.##.#
..................##.#
......##############.#
......##.............#
#.....##.#############


There were no monsters in sight!

Vanquished Creatures
  2 adders (D:2)
  3 worms (D:2)
  A dart slug (D:1)
  A giant cockroach (D:1)
  6 goblins
  4 hobgoblins
  6 jackals (D:1)
  8 kobolds
  6 bats
  3 frilled lizards (D:1)
  2 rats
42 creatures vanquished.

Notes
Turn   | Place    | Note
-------+----------+-------------------------------------------
     0 | D:1      | floatRand the Ghoul Warper began the quest for the Orb.
     0 | D:1      | Reached XP level 1. HP: 17/17 MP: 2/2
   242 | D:1      | Reached XP level 2. HP: 16/24 MP: 3/3
   344 | D:1      | Reached skill level 3 in Unarmed Combat
   963 | D:1      | Reached XP level 3. HP: 29/29 MP: 4/4
  1160 | D:1      | Reached skill level 4 in Unarmed Combat
  1594 | D:2      | Found a shimmering altar of Xom.
  1888 | D:2      | Reached XP level 4. HP: 33/36 MP: 5/5
  2009 | D:2      | Found a glowing silver altar of Zin.
  2162 | D:2      | Found a hide-covered altar of Uskayaw.
  2164 | D:2      | Noticed a +0 hand axe
  2176 | D:2      | Noticed a +0 hand axe
  2337 | D:2      | Quit the game

Levels and vault maps discovered:
D:1:      onia_arrival_mini_maze, layout_basic, minmay_lizard_pond
D:2:      layout_basic, zin_academy, old_standard_altar,
          dancing_weapons_uskayaw, minmay_pentomino_o4

Skill      XL: |  1  2  3 |
---------------+----------+-----
Unarmed Combat | 3 4 |  4.9
Fighting       | |  2.1
Throwing       | |  0.8
Armour         | |  0.8
Dodging        | |  1.7
Spellcasting   | |  1.7
Translocations | |  2.6

Action                   |  1- 3 |  4- 6 || total
-------------------------+-------+-------++-------
Melee: Unarmed           |   157 |    26 ||   183
  Eat: Chunk             |     4 |       ||     4
Armor: Leather armour    |    41 |       ||    41
       Acid dragon scale |    18 |    17 ||    35
Dodge: Dodged            |    90 |    28 ||   118

Table legend:
 A = Non-vault XP
 B = Vault XP
 C = Vault XP percentage of total XP
 D = Non-vault monster count
 E = Vault monster count
 F = Vault count percentage of total count
                 A         B        C        D         E       F
            +---------+---------+-------+---------+---------+-------
      Total |      96 |       9 |   8.6 |      37 |       5 |  11.9
            +---------+---------+-------+---------+---------+-------
        D:1 |      45 |       3 |   6.2 |      24 |       3 |  11.1
        D:2 |      51 |       6 |  10.5 |      13 |       2 |  13.3
            +---------+---------+-------+---------+---------+-------
